TOP OF THE 1ST |
---|
Kansas City Kings batting - Pitching for St Charles Sheens : LHP Paul Adams | Pitching: LHP Paul Adams | | Batting: RHB Chris Chandler | 0-0: Ball 1-0: Ball 2-0: Ball 3-0: Foul Ball, location: 2F 3-1: Called Strike 3-2: DOUBLE (Flyball, 8LXD) | Batting: SHB Douglas Taylor | 0-0: Ball 1-0: Ball 2-0: Called Strike 2-1: Fly out, F8 (Flyball, 8RXD) Runner from 2nd tags up, SAFE at 3rd, no throw | Batting: RHB Toshimichi Kono | 0-0: Ball 1-0: Ball 2-0: Ball 3-0: Ground out 5-3 (Groundball, 56) Chris Chandler scores | Batting: RHB Jeremy Carr | 0-0: Ball 1-0: Ball 2-0: Called Strike 2-1: Foul Ball, location: 2F 2-2: Foul Ball, location: 2F 2-2: Ball 3-2: Strikes out swinging | Top of the 1st over - 1 run, 1 hit, 0 errors, 0 left on base; Kansas City 1 - St Charles 0 | BOTTOM OF THE 1ST |
---|
St Charles Sheens batting - Pitching for Kansas City Kings : LHP Francisco Morales | Pitching: LHP Francisco Morales | | Batting: RHB Miguel Palácios | 0-0: Foul Ball, location: 2F 0-1: Ground out 6-3 (Groundball, 6) | Batting: RHB Rob Brady | 0-0: Ball 1-0: Called Strike 1-1: Ball 2-1: Foul Ball, location: 2F 2-2: Ball 3-2: Ground out 4-3 (Groundball, 4) | Batting: RHB Jesús Hernández | 0-0: Ball 1-0: Fly out, F7 (Flyball, 78M) | Bottom of the 1st over - 0 runs, 0 hits, 0 errors, 0 left on base; Kansas City 1 - St Charles 0 | TOP OF THE 2ND |
---|
Kansas City Kings batting - Pitching for St Charles Sheens : LHP Paul Adams | Batting: RHB Dave Parker | 0-0: Ball 1-0: Ball 2-0: Called Strike 2-1: Ground out 6-3 (Groundball, 6) | Batting: RHB Cy Keynes | 0-0: Called Strike 0-1: Foul Ball, location: 2F 0-2: Ground out U3 (Groundball, 34) | Batting: LHB Luis González | 0-0: Fly out, F7 (Flyball, 78M) | Top of the 2nd over - 0 runs, 0 hits, 0 errors, 0 left on base; Kansas City 1 - St Charles 0 | BOTTOM OF THE 2ND |
---|
St Charles Sheens batting - Pitching for Kansas City Kings : LHP Francisco Morales | Batting: SHB Henry Copeland | 0-0: Called Strike 0-1: Ball 1-1: Ground out 6-3 (Groundball, 6) | Batting: LHB Jason Lambert | 0-0: Foul Ball, location: 2F 0-1: Ball 1-1: Fly out, F6 (Line Drive, 6) | Batting: LHB Larry Howard | 0-0: Swinging Strike 0-1: Ball 1-1: Swinging Strike 1-2: Foul Ball, location: 2F 1-2: Strikes out looking | Bottom of the 2nd over - 0 runs, 0 hits, 0 errors, 0 left on base; Kansas City 1 - St Charles 0 | TOP OF THE 3RD |
---|
Kansas City Kings batting - Pitching for St Charles Sheens : LHP Paul Adams | Batting: RHB Oliver Lugo | 0-0: Ball 1-0: Called Strike 1-1: Ball 2-1: Called Strike 2-2: Ball 3-2: Base on Balls | Batting: RHB Rafael Carreón | 0-0: Called Strike 0-1: Ball 1-1: Fly out, F7 (Flyball, 7D) | Batting: RHB Chris Chandler | 0-0: Ball Throwing error on steal attempt, E2 Oliver Lugo to third 1-0: Foul Ball, location: 2F 1-1: Fly out, F8 (Flyball, 8RD) Runner from 3rd tags up, SCORES, throw made | Batting: SHB Douglas Taylor | 0-0: Swinging Strike 0-1: Foul Ball, location: 2F 0-2: Ball 1-2: Foul Ball, location: 2F 1-2: Fly out, F8 (Flyball, 8RS) | Top of the 3rd over - 1 run, 0 hits, 1 error, 0 left on base; Kansas City 2 - St Charles 0 | BOTTOM OF THE 3RD |
---|
St Charles Sheens batting - Pitching for Kansas City Kings : LHP Francisco Morales | Batting: LHB Juan Jose Rojas | 0-0: Ball 1-0: Ball 2-0: Ground out 5-3 (Groundball, 5) | Batting: RHB Sergio Pujols | 0-0: Called Strike 0-1: Fly out, F9 (Flyball, 9LMF) | Batting: LHB Nick Gamble | 0-0: Called Strike 0-1: Called Strike 0-2: Foul Ball, location: 2F 0-2: Ground out 1-3 (Groundball, 13) | Bottom of the 3rd over - 0 runs, 0 hits, 0 errors, 0 left on base; Kansas City 2 - St Charles 0 | TOP OF THE 4TH |
---|
Kansas City Kings batting - Pitching for St Charles Sheens : LHP Paul Adams | Batting: RHB Toshimichi Kono | 0-0: Ball 1-0: Called Strike 1-1: Swinging Strike 1-2: Ball 2-2: SINGLE (Groundball, 4MD) | Batting: RHB Jeremy Carr | 0-0: SINGLE (Flyball, 8LS) Toshimichi Kono to second | Batting: RHB Dave Parker | 0-0: Swinging Strike 0-1: Ball 1-1: Called Strike 1-2: Foul Ball, location: 2F 1-2: Strikes out swinging | Batting: RHB Cy Keynes | 0-0: Foul Ball, location: 2F 0-1: Ball 1-1: Grounds into double play, 6-4-3 (Groundball, 6) | Top of the 4th over - 0 runs, 2 hits, 0 errors, 1 left on base; Kansas City 2 - St Charles 0 | BOTTOM OF THE 4TH |
---|
St Charles Sheens batting - Pitching for Kansas City Kings : LHP Francisco Morales | Batting: RHB Miguel Palácios | 0-0: Swinging Strike 0-1: Swinging Strike 0-2: Ball 1-2: Ball 2-2: Strikes out looking | Batting: RHB Rob Brady | 0-0: Called Strike 0-1: Called Strike 0-2: Ball 1-2: Ball 2-2: Strikes out swinging | Batting: RHB Jesús Hernández | 0-0: Ball 1-0: Ground out 6-3 (Groundball, 6) | Bottom of the 4th over - 0 runs, 0 hits, 0 errors, 0 left on base; Kansas City 2 - St Charles 0 | TOP OF THE 5TH |
---|
Kansas City Kings batting - Pitching for St Charles Sheens : LHP Paul Adams | Batting: LHB Luis González | 0-0: Foul Ball, location: 2F 0-1: Ball 1-1: Swinging Strike 1-2: Ground out 4-3 (Groundball, 4D) | Batting: RHB Oliver Lugo | 0-0: Ball 1-0: Ball 2-0: Ground out 3-1 (Groundball, 34) | Batting: RHB Rafael Carreón | 0-0: Ball 1-0: Ball 2-0: Swinging Strike 2-1: Foul Ball, location: 2F 2-2: Foul Ball, location: 2F 2-2: Ball 3-2: Base on Balls | Batting: RHB Chris Chandler | 0-0: Foul Ball, location: 2F 0-1: Ball 1-1: Fielders Choice at 2nd, 6-4 (Groundball, 6) | Top of the 5th over - 0 runs, 0 hits, 0 errors, 1 left on base; Kansas City 2 - St Charles 0 | BOTTOM OF THE 5TH |
---|
St Charles Sheens batting - Pitching for Kansas City Kings : LHP Francisco Morales | Batting: SHB Henry Copeland | 0-0: Called Strike 0-1: Called Strike 0-2: Ball 1-2: Strikes out swinging | Batting: LHB Jason Lambert | 0-0: Called Strike 0-1: Foul Ball, location: 2F 0-2: Ground out 3-1 (Groundball, 34S) | Batting: LHB Larry Howard | 0-0: Ball 1-0: Called Strike 1-1: Ball 2-1: Ground out 6-3 (Groundball, 6) | Bottom of the 5th over - 0 runs, 0 hits, 0 errors, 0 left on base; Kansas City 2 - St Charles 0 | TOP OF THE 6TH |
---|
Kansas City Kings batting - Pitching for St Charles Sheens : LHP Paul Adams | Batting: SHB Douglas Taylor | 0-0: Called Strike 0-1: Ground out 4-3 (Groundball, 34D) | Batting: RHB Toshimichi Kono | 0-0: Ball 1-0: Swinging Strike 1-1: Foul Ball, location: 2F 1-2: Ball 2-2: Ball 3-2: Foul Ball, location: 2F 3-2: SINGLE (Groundball, 6MD) | Batting: RHB Jeremy Carr | 0-0: 2-RUN HOME RUN (Flyball, 89XD), Distance : 419 ft | Batting: RHB Dave Parker | 0-0: Ball 1-0: Swinging Strike 1-1: Ball 2-1: SINGLE (Line Drive, 4MD) | Batting: RHB Cy Keynes | 0-0: Swinging Strike Dave Parker is caught stealing 2nd base 0-1: Ball 1-1: Foul Ball, location: 2F 1-2: SINGLE (Groundball, 34D) | Batting: LHB Luis González | 0-0: Called Strike 0-1: Fly out, F8 (Flyball, 8RS) | Top of the 6th over - 2 runs, 4 hits, 0 errors, 1 left on base; Kansas City 4 - St Charles 0 | BOTTOM OF THE 6TH |
---|
St Charles Sheens batting - Pitching for Kansas City Kings : LHP Francisco Morales | Batting: LHB Juan Jose Rojas | 0-0: Called Strike 0-1: Foul Ball, location: 2F 0-2: Foul Ball, location: 2F 0-2: Ball 1-2: Ball 2-2: Strikes out looking | Batting: RHB Sergio Pujols | 0-0: Swinging Strike 0-1: Called Strike 0-2: Ball 1-2: DOUBLE (Line Drive, 7D) | Batting: LHB Nick Gamble | 0-0: Ball 1-0: Ball 2-0: Called Strike 2-1: Foul Ball, location: 2F 2-2: Ball 3-2: Strikes out swinging | Batting: RHB Miguel Palácios | 0-0: Foul Ball, location: 2F 0-1: Swinging Strike 0-2: Ball 1-2: Ball 2-2: Foul Ball, location: 2F 2-2: SINGLE (Flyball, 9LM) Sergio Pujols to third Runner from 3rd tries for Home, SAFE, no throw | Batting: RHB Rob Brady | 0-0: Ball Miguel Palácios steals 2nd base 1-0: Called Strike 1-1: Called Strike 1-2: Foul Ball, location: 2F 1-2: Ball 2-2: SINGLE (Line Drive, 78S) Miguel Palácios to third Runner from 3rd tries for Home, SAFE, no throw | Batting: RHB Jesús Hernández | 0-0: Swinging Strike 0-1: Ball 1-1: Fly out, F9 (Flyball, 89D) | Bottom of the 6th over - 2 runs, 3 hits, 0 errors, 1 left on base; Kansas City 4 - St Charles 2 | TOP OF THE 7TH |
---|
Kansas City Kings batting - Pitching for St Charles Sheens : LHP Paul Adams | Batting: RHB Oliver Lugo | 0-0: Called Strike 0-1: Ball 1-1: Fly out, F8 (Flyball, 8LM) | Batting: RHB Rafael Carreón | 0-0: Ball 1-0: Ball 2-0: Called Strike 2-1: Ball 3-1: Foul Ball, location: 2F 3-2: Strikes out swinging | Batting: RHB Chris Chandler | 0-0: Ball 1-0: Called Strike 1-1: Foul Ball, location: 2F 1-2: Strikes out looking | Top of the 7th over - 0 runs, 0 hits, 0 errors, 0 left on base; Kansas City 4 - St Charles 2 | BOTTOM OF THE 7TH |
---|
St Charles Sheens batting - Pitching for Kansas City Kings : LHP Francisco Morales | Batting: SHB Henry Copeland | 0-0: Ball 1-0: Called Strike 1-1: Foul Ball, location: 2F 1-2: Strikes out swinging | Batting: LHB Jason Lambert | 0-0: Swinging Strike 0-1: Ball 1-1: Ground out 1-6-3 (Groundball, 15S) | Batting: LHB Larry Howard | 0-0: Called Strike 0-1: Ball 1-1: Swinging Strike 1-2: Strikes out swinging | Bottom of the 7th over - 0 runs, 0 hits, 0 errors, 0 left on base; Kansas City 4 - St Charles 2 | TOP OF THE 8TH |
---|
Kansas City Kings batting - Pitching for St Charles Sheens : LHP Paul Adams | Pitching: RHP Jesse Jones | | Batting: SHB Douglas Taylor | 0-0: Ball 1-0: Foul Ball, location: 2F 1-1: Ball 2-1: Foul Ball, location: 2F 2-2: Strikes out swinging | Batting: RHB Toshimichi Kono | 0-0: Ball 1-0: Called Strike 1-1: Fly out, F8 (Flyball, 8RD) | Batting: RHB Jeremy Carr | 0-0: Ball 1-0: Foul Ball, location: 2F 1-1: Called Strike 1-2: Ball 2-2: Ball 3-2: Strikes out looking | Top of the 8th over - 0 runs, 0 hits, 0 errors, 0 left on base; Kansas City 4 - St Charles 2 | BOTTOM OF THE 8TH |
---|
St Charles Sheens batting - Pitching for Kansas City Kings : LHP Francisco Morales | Pitching: RHP Nick Parks | | Batting: LHB Juan Jose Rojas | 0-0: Swinging Strike 0-1: Ball 1-1: Ball 2-1: Called Strike 2-2: Foul Ball, location: 2F 2-2: Strikes out looking | Batting: RHB Sergio Pujols | 0-0: Ground out 4-3 (Groundball, 4) | Batting: LHB Nick Gamble | 0-0: Foul Ball, location: 2F 0-1: Ball 1-1: Foul Ball, location: 2F 1-2: Ball 2-2: Fly out, F9 (Flyball, 9S) | Bottom of the 8th over - 0 runs, 0 hits, 0 errors, 0 left on base; Kansas City 4 - St Charles 2 | TOP OF THE 9TH |
---|
Kansas City Kings batting - Pitching for St Charles Sheens : RHP Jesse Jones | Batting: RHB Dave Parker | 0-0: Ground out 3-1 (Groundball, 34) | Batting: RHB Cy Keynes | 0-0: Foul Ball, location: 2F 0-1: Ground out 4-3 (Groundball, 4) | Batting: LHB Luis González | 0-0: Called Strike 0-1: Ball 1-1: Ball 2-1: Ball 3-1: Base on Balls | Batting: RHB Oliver Lugo | 0-0: Ball Luis González steals 2nd base 1-0: Ball 2-0: Foul Ball, location: 2F 2-1: Foul Ball, location: 2F 2-2: Strikes out swinging | Top of the 9th over - 0 runs, 0 hits, 0 errors, 1 left on base; Kansas City 4 - St Charles 2 | BOTTOM OF THE 9TH |
---|
St Charles Sheens batting - Pitching for Kansas City Kings : RHP Nick Parks | Batting: RHB Miguel Palácios | 0-0: Called Strike 0-1: Ground out 4-3 (Groundball, 4M) | Batting: RHB Rob Brady | 0-0: Ball 1-0: Called Strike 1-1: Ball 2-1: Foul Ball, location: 2F 2-2: SINGLE (Line Drive, 89S) | Batting: RHB Jesús Hernández | 0-0: Called Strike 0-1: Fielders Choice at 2nd, 6-4 (Groundball, 6) | Batting: SHB Henry Copeland | 0-0: Ball 1-0: Fly out, F6 (Popup, 6M) | Bottom of the 9th over - 0 runs, 1 hit, 0 errors, 1 left on base; Kansas City 4 - St Charles 2 | |